Phantoms vs Whale

Created - Saturday, February 28, 2015 at 01:44

Goals
1 2 3 T
Phantoms 0 0 0 0
Whale 2 0 1 3
Shots
1 2 3 T
Phantoms 4 3 19 26
Whale 13 7 11 31

1st period

1. Whale , Mike Hedden 18 (Jay Rosehill, Denis Grebeshkov) at 9:30 (PP)
2. Whale , Derek Nesbitt 3 (Kelly Zajac, Brendan Ranford) at 16:17

Penalties :
Mike Hedden (CON) for Holding (Minor) at 1:00, Farm Player34 (ADR) for Roughing (Minor) at 9:13, Garrett Wilson (ADR) for Tripping (Minor) at 9:51, Farm Player34 (ADR) for Hooking (Minor) at 18:20

2nd period

No Goal

Penalties :
Garrett Wilson (ADR) for High sticking (Minor) at 16:13

3rd period

3. Whale , Colin Fraser 8 (Taylor Chorney) at 0:34

Penalties :
James Livingston (CON) for Fighting (Major) at 1:22, Zack Stortini (ADR) for Fighting (Major) at 1:22

Goalie Stats

Laurent Brossoit (ADR), 28 saves from 31 shots - (0.903), L, 0-4-1, 60:00 minutes
Dustin Tokarski (CON), 26 saves from 26 shots - (1.000), W, 23-10-9, 60:00 minutes

Players Stats for Phantoms

Player Name              G  A  P  +/- PIM S  H  SB GA TA FO     MP     PP MP  PK MP  
------------------------------------------------------------------------------------
Chris Langkow            0  0  0  -1  0   1  1  0  0  0  4/14   18:55   1:09   0:33 
Denver Manderson         0  0  0   0  0   0  1  0  0  1  0/0    15:15   0:00   0:12 
Dmitrij Jaskin           0  0  0  -1  0   1  3  1  1  0  4/6    21:15   0:50   3:51 
Farm Player34            0  0  0   0  4   0  1  0  0  0  2/9    14:35   0:00   0:23 
Farm Player37            0  0  0   0  0   0  0  0  0  0  1/1     8:50   0:00   0:40 
Garnet Exelby            0  0  0  -2  0   1  4  1  0  0  0/0    23:04   0:53   2:35 
Garrett Wilson           0  0  0  -1  4   3  1  0  5  0  1/1    19:03   1:09   0:15 
Greg Zanon               0  0  0   0  0   3  4  2  2  1  0/0    21:58   1:06   3:39 
Harri Pesonen            0  0  0  -1  0   0  2  0  0  0  1/2    19:23   0:50   4:17 
Jerome Gauthier-Leduc    0  0  0   0  0   0  0  1  0  0  0/0    21:58   1:06   3:39 
Jonathan Hazen           0  0  0   0  0   2  1  0  1  0  0/0    13:44   0:00   0:43 
Josh Lunden              0  0  0   0  0   0  4  0  0  0  0/0    11:16   0:00   0:33 
Keegan Lowe              0  0  0   0  0   2  0  1  0  2  0/0    14:58   0:00   0:00 
Mark Van Guilder         0  0  0  -1  0   5  1  0  2  0  2/8    14:50   0:50   1:01 
Randy Jones              0  0  0  -2  0   4  0  2  0  0  0/0    23:04   0:53   2:35 
Steve MacIntyre          0  0  0   0  0   0  0  0  0  0  0/0     0:00   0:00   0:00 
Zack FitzGerald          0  0  0   0  0   0  1  0  0  2  0/0    14:58   0:00   0:00 
Zack Stortini            0  0  0  -1  5   4  3  0  1  0  0/1    16:35   1:09   0:00 

Players Stats for Whale

Player Name              G  A  P  +/- PIM S  H  SB GA TA FO     MP     PP MP  PK MP  
------------------------------------------------------------------------------------
Brad Staubitz            0  0  0   0  0   0  0  0  0  0  0/0     0:45   0:17   0:00 
Brandon Manning          0  0  0   0  0   0  0  0  0  0  0/0     0:00   0:00   0:00 
Brendan Ranford          0  1  1   1  0   2  1  0  2  1  0/0    16:03   0:00   0:00 
Brennan Evans            0  0  0   0  0   0  2  2  0  0  0/0    16:03   0:00   0:00 
Colin Fraser             1  0  1   1  0   4  1  0  0  1  1/3    18:34   2:52   0:26 
Dallas Jackson           0  0  0   0  0   1  2  0  2  0  0/0    21:08   2:25   1:13 
Denis Grebeshkov         0  1  1   2  0   0  1  1  0  1  0/0    22:49   3:49   0:46 
Denny Urban              0  0  0   0  0   1  0  2  1  0  0/0    16:03   0:00   0:00 
Derek Nesbitt            1  0  1   1  0   3  1  0  0  0  1/1    15:53   0:35   0:00 
James Livingston         0  0  0   0  5   2  2  0  1  1  0/0    18:16   2:30   0:00 
Jay Rosehill             0  1  1   0  0   0  2  0  1  0  1/4    11:00   3:05   0:51 
John McCarthy            0  0  0   0  0   1  0  0  1  1  8/11   17:41   0:00   0:00 
Kelly Zajac              0  1  1   1  0   0  1  0  1  2  4/5    18:19   0:17   1:17 
Mike Hedden              1  0  1   0  2   6  3  2  3  2  2/2    21:30   3:05   0:00 
Mike Moore               0  0  0   0  0   2  1  0  0  0  0/0    21:08   2:25   1:13 
Nick Tarnasky            0  0  0   1  0   4  4  0  3  1  1/2    21:01   3:09   0:42 
Radek Dvorak             0  0  0   1  0   2  0  0  2  0  9/14   18:57   2:52   0:42 
Taylor Chorney           0  1  1   2  0   3  4  0  0  0  0/0    22:49   3:49   0:46 

3 Stars

1 - Dustin Tokarski (CON)
2 - Taylor Chorney (CON)
3 - Colin Fraser (CON)

Power Play

Phantoms - 0 on 1 Attempt(s) - 0.00%
Whale - 1 on 4 Attempt(s) - 25.00%

Penalty Kill

Phantoms - 3 on 4 Attempt(s) - 75.00% - Score 0 goal in Penalty Kill
Whale - 1 on 1 Attempt(s) - 100.00% - Score 0 goal in Penalty Kill

Team Stat

Phantoms - Hits : 27 - Faceoff Wins : 15 - Blocked Shots : 8 - Penalty Minutes : 13
Whale - Hits : 25 - Faceoff Wins : 27 - Blocked Shots : 7 - Penalty Minutes : 7

Official

Referees : Unknown
Linesman : Unknown

Game Notes

James Livingston and Zack Stortini fight to a draw at 1:22 of 3rd period

Finance

Level 1 -- Attendance: 1536 (76.80%) -- Ticket Income $53,760
Level 2 -- Attendance: 724 (72.40%) -- Ticket Income $10,860
Total Attendance: 2260 (75.33%)
Total Ticket Income: $64,620
Other Income: $31,664
Total Income: $96,284

Phantoms

5 vs 5 Forward 
   Center                   Left Wing                Right Wing               Time % Phy DF OF 
 1 Mark Van Guilder         Dmitrij Jaskin           Harri Pesonen            35     1   2  2  
 2 Chris Langkow            Garrett Wilson           Zack Stortini            30     1   2  2  
 3 Farm Player34            Denver Manderson         Jonathan Hazen           22     1   2  2  
 4 Dmitrij Jaskin           Josh Lunden              Farm Player37            13     1   2  2  

5 vs 5 Defense 
   Defense                  Defense                                           Time % Phy DF OF 
 1 Randy Jones              Garnet Exelby                                     35     1   2  2  
 2 Greg Zanon               Jerome Gauthier-Leduc                             30     1   2  2  
 3 Keegan Lowe              Zack FitzGerald                                   22     1   2  2  
 4 Garnet Exelby            Randy Jones                                       13     1   2  2  

PowerPlay Forward 
   Center                   Left Wing                Right Wing               Time % Phy DF OF 
 1 Mark Van Guilder         Dmitrij Jaskin           Harri Pesonen            60     1   2  2  
 2 Chris Langkow            Garrett Wilson           Zack Stortini            40     1   2  2  

PowerPlay Defense
   Defense                  Defense                                           Time % Phy DF OF 
 1 Randy Jones              Garnet Exelby                                     60     1   2  2  
 2 Greg Zanon               Jerome Gauthier-Leduc                             40     1   2  2  

Penalty Kill 4 Players Forward 
   Center                   Wing                     Time % Phy DF OF 
 1 Dmitrij Jaskin           Harri Pesonen            60     1   2  2  
 2 Garrett Wilson           Mark Van Guilder         40     1   2  2  

Penalty Kill 4 Players Defense
   Defense                  Defense                  Time % Phy DF OF 
 1 Randy Jones              Garnet Exelby            60     1   2  2  
 2 Greg Zanon               Jerome Gauthier-Leduc    40     1   2  2  

Penalty Kill - 3 Players Forward 
   Forward                                           Time % Phy DF OF 
 1 Dmitrij Jaskin                                    60     1   2  2  
 2 Harri Pesonen                                     40     1   2  2  

Penalty Kill - 3 Players Defense
   Defense                  Defense                  Time % Phy DF OF 
 1 Randy Jones              Garnet Exelby            60     1   2  2  
 2 Greg Zanon               Jerome Gauthier-Leduc    40     1   2  2  

4 vs 4 Forward 
   Center                   Wing                     Time % Phy DF OF 
 1 Dmitrij Jaskin           Harri Pesonen            60     1   2  2  
 2 Garrett Wilson           Mark Van Guilder         40     1   2  2  

4 vs 4 Defense
   Defense                  Defense                  Time % Phy DF OF 
 1 Randy Jones              Garnet Exelby            60     1   2  2  
 2 Greg Zanon               Jerome Gauthier-Leduc    40     1   2  2  

Last Minutes Offensive
   Center                   Left Wing                Right Wing               Defense                  Defense                  
   Mark Van Guilder         Dmitrij Jaskin           Harri Pesonen            Randy Jones              Garnet Exelby            

Last Minutes Defensive
   Center                   Left Wing                Right Wing               Defense                  Defense                  
   Mark Van Guilder         Dmitrij Jaskin           Harri Pesonen            Randy Jones              Garnet Exelby            

Goaltenders
Starting : Laurent Brossoit         
Backup : Farm Player88            

Extra Forwards
Normal : Denver Manderson, Josh Lunden, Jonathan Hazen - PP : Denver Manderson, Josh Lunden - PK : Jonathan Hazen
Extra Defensemen
Normal : Keegan Lowe, Zack FitzGerald, Farm Player34 - PP : Keegan Lowe - PK : Zack FitzGerald, Farm Player34
Penalty Shots
Dmitrij Jaskin, Harri Pesonen, Garrett Wilson, Mark Van Guilder, Zack Stortini

Whale

5 vs 5 Forward 
   Center                   Left Wing                Right Wing               Time % Phy DF OF 
 1 Radek Dvorak             Nick Tarnasky            Colin Fraser             35     1   2  2  
 2 John McCarthy            Mike Hedden              James Livingston         30     1   2  2  
 3 Kelly Zajac              Brendan Ranford          Derek Nesbitt            22     1   2  2  
 4 Nick Tarnasky            Jay Rosehill             Mike Hedden              13     1   2  2  

5 vs 5 Defense 
   Defense                  Defense                                           Time % Phy DF OF 
 1 Denis Grebeshkov         Taylor Chorney                                    35     1   2  2  
 2 Dallas Jackson           Mike Moore                                        30     1   2  2  
 3 Denny Urban              Brennan Evans                                     22     1   2  2  
 4 Taylor Chorney           Denis Grebeshkov                                  13     1   2  2  

PowerPlay Forward 
   Center                   Left Wing                Right Wing               Time % Phy DF OF 
 1 Radek Dvorak             Nick Tarnasky            Colin Fraser             60     1   2  2  
 2 Jay Rosehill             Mike Hedden              James Livingston         40     1   2  2  

PowerPlay Defense
   Defense                  Defense                                           Time % Phy DF OF 
 1 Denis Grebeshkov         Taylor Chorney                                    60     1   2  2  
 2 Dallas Jackson           Mike Moore                                        40     1   2  2  

Penalty Kill 4 Players Forward 
   Center                   Wing                     Time % Phy DF OF 
 1 Mike Hedden              Kelly Zajac              60     1   2  2  
 2 Nick Tarnasky            Radek Dvorak             40     1   2  2  

Penalty Kill 4 Players Defense
   Defense                  Defense                  Time % Phy DF OF 
 1 Denis Grebeshkov         Taylor Chorney           60     1   2  2  
 2 Dallas Jackson           Mike Moore               40     1   2  2  

Penalty Kill - 3 Players Forward 
   Forward                                           Time % Phy DF OF 
 1 Nick Tarnasky                                     60     1   2  2  
 2 Mike Hedden                                       40     1   2  2  

Penalty Kill - 3 Players Defense
   Defense                  Defense                  Time % Phy DF OF 
 1 Denis Grebeshkov         Taylor Chorney           60     1   2  2  
 2 Dallas Jackson           Mike Moore               40     1   2  2  

4 vs 4 Forward 
   Center                   Wing                     Time % Phy DF OF 
 1 Mike Hedden              Brendan Ranford          60     1   2  2  
 2 Nick Tarnasky            Colin Fraser             40     1   2  2  

4 vs 4 Defense
   Defense                  Defense                  Time % Phy DF OF 
 1 Denis Grebeshkov         Taylor Chorney           60     1   2  2  
 2 Dallas Jackson           Mike Moore               40     1   2  2  

Last Minutes Offensive
   Center                   Left Wing                Right Wing               Defense                  Defense                  
   Radek Dvorak             Nick Tarnasky            Colin Fraser             Denis Grebeshkov         Taylor Chorney           

Last Minutes Defensive
   Center                   Left Wing                Right Wing               Defense                  Defense                  
   Radek Dvorak             Nick Tarnasky            Colin Fraser             Denis Grebeshkov         Taylor Chorney           

Goaltenders
Starting : Dustin Tokarski          
Backup : Igor Bobkov              

Extra Forwards
Normal : Kelly Zajac, Brendan Ranford, Jay Rosehill - PP : Kelly Zajac, Brendan Ranford - PK : Jay Rosehill
Extra Defensemen
Normal : Denny Urban, Brennan Evans, Denis Grebeshkov - PP : Denny Urban - PK : Brennan Evans, Taylor Chorney
Penalty Shots
Kelly Zajac, Jay Rosehill, Nick Tarnasky, Brendan Ranford, Mike Hedden

% Time on Ice - Phantoms

Lines # - Real PCT - Wanted PCT - Time Play
Normal Forward
1 - 28% - 35% - 14:30
2 - 34% - 30% - 17:27
3 - 25% - 22% - 13:01
4 - 13% - 13% - 6:49
Normal Defense
1 - 31% - 35% - 16:02
2 - 33% - 30% - 17:13
3 - 29% - 22% - 14:58
4 - 7% - 13% - 3:34
PP Forward
1 - 42% - 60% - 0:50
2 - 58% - 40% - 1:09
PP Defense
1 - 45% - 60% - 0:53
2 - 55% - 40% - 1:06
PK Forward
1 - 87% - 60% - 5:25
2 - 13% - 40% - 0:49
PK Defense
1 - 41% - 60% - 2:35
2 - 59% - 40% - 3:39
PK3 Forward
1 - 0% - 60%
2 - 0% - 40%
PK3 Defense
1 - 0% - 60%
2 - 0% - 40%
44 Forward
1 - 0% - 60%
2 - 0% - 40%
44 Defense
1 - 0% - 60%
2 - 0% - 40%
Last Minute Offensive  - 0:00
Last Minute Defensive  - 0:00
Total
Forward - 60:00
Defense - 60:00

% Time on Ice - Whale

Lines # - Real PCT - Wanted PCT - Time Play
Normal Forward
1 - 30% - 35% - 15:22
2 - 34% - 30% - 17:51
3 - 30% - 22% - 15:18
4 - 6% - 13% - 3:16
Normal Defense
1 - 30% - 35% - 15:30
2 - 34% - 30% - 17:30
3 - 31% - 22% - 16:03
4 - 5% - 13% - 2:44
PP Forward
1 - 51% - 60% - 3:09
2 - 49% - 40% - 3:05
PP Defense
1 - 61% - 60% - 3:49
2 - 39% - 40% - 2:25
PK Forward
1 - 65% - 60% - 1:17
2 - 35% - 40% - 0:42
PK Defense
1 - 39% - 60% - 0:46
2 - 61% - 40% - 1:13
PK3 Forward
1 - 0% - 60%
2 - 0% - 40%
PK3 Defense
1 - 0% - 60%
2 - 0% - 40%
44 Forward
1 - 0% - 60%
2 - 0% - 40%
44 Defense
1 - 0% - 60%
2 - 0% - 40%
Last Minute Offensive  - 0:00
Last Minute Defensive  - 0:00
Total
Forward - 60:00
Defense - 60:00

Play by Play

1st period


0:01 of 1st period - Mark Van Guilder wins face-off versus Radek Dvorak in neutral zone.
0:04 of 1st period - Radek Dvorak is hit by Dmitrij Jaskin.
0:57 of 1st period - Slapshot by Greg Zanon.
0:57 of 1st period - Stopped by Dustin Tokarski without a rebound.
0:58 of 1st period - John McCarthy wins face-off versus Farm Player34 in Whale zone.
1:00 of 1st period - Minor Penalty to Mike Hedden for Holding.
1:01 of 1st period - Jay Rosehill wins face-off versus Chris Langkow in Whale zone.
2:07 of 1st period - Jerome Gauthier-Leduc is hit by Nick Tarnasky and loses puck.
3:00 of 1st period - Penalty to Mike Hedden is over, Mike Hedden is back on ice.
4:29 of 1st period - Zack FitzGerald is hit by Colin Fraser and loses puck.
4:58 of 1st period - Snap shot by Greg Zanon.
4:58 of 1st period - Stopped by Dustin Tokarski without a rebound.
4:59 of 1st period - Nick Tarnasky wins face-off versus Zack Stortini in Whale zone.
5:45 of 1st period - Off-side.
5:46 of 1st period - Farm Player34 wins face-off versus John McCarthy in neutral zone.
5:49 of 1st period - Slapshot by Garnet Exelby.
5:49 of 1st period - Shot Blocked by Mike Hedden.
6:07 of 1st period - Nick Tarnasky is hit by Jonathan Hazen and loses puck.
6:41 of 1st period - Denis Grebeshkov is hit by Mark Van Guilder and loses puck.
7:00 of 1st period - Mark Van Guilder is hit by James Livingston and loses puck.
7:29 of 1st period - Chris Langkow is hit by Taylor Chorney and loses puck.
7:39 of 1st period - Icing by Garrett Wilson.
7:40 of 1st period - Kelly Zajac wins face-off versus Chris Langkow in Phantoms zone.
9:13 of 1st period - Minor Penalty to Farm Player34 for Roughing.
9:14 of 1st period - Farm Player37 wins face-off versus Jay Rosehill in Phantoms zone.
9:30 of 1st period - Snap shot by Mike Hedden.
9:30 of 1st period - Goal by Mike Hedden - Phantoms : 0 - Whale : 1.
9:31 of 1st period - Chris Langkow wins face-off versus Radek Dvorak in neutral zone.
9:51 of 1st period - Minor Penalty to Garrett Wilson for Tripping.
9:52 of 1st period - Dmitrij Jaskin wins face-off versus Jay Rosehill in Phantoms zone.
10:26 of 1st period - Snap shot by Mike Hedden.
10:26 of 1st period - Deflect By Garnet Exelby.
10:26 of 1st period - Shot Blocked by Dmitrij Jaskin.
10:26 of 1st period - Puck is out of play.
10:27 of 1st period - Colin Fraser wins face-off versus Dmitrij Jaskin in Phantoms zone.
10:36 of 1st period - Wrist shot by Colin Fraser.
10:36 of 1st period - Stopped by Laurent Brossoit without a rebound.
10:37 of 1st period - Dmitrij Jaskin wins face-off versus Colin Fraser in Phantoms zone.
10:46 of 1st period - Nick Tarnasky is hit by Greg Zanon.
11:04 of 1st period - Slapshot by Radek Dvorak.
11:04 of 1st period - Shot Misses the Net.
11:51 of 1st period - Penalty to Garrett Wilson is over, Garrett Wilson is back on ice.
12:16 of 1st period - Slapshot by Zack Stortini.
12:16 of 1st period - Stopped by Dustin Tokarski without a rebound.
12:17 of 1st period - Radek Dvorak wins face-off versus Farm Player34 in Whale zone.
12:32 of 1st period - Slapshot by Keegan Lowe.
12:32 of 1st period - Deflect By Denver Manderson.
12:32 of 1st period - Shot Misses the Net.
12:32 of 1st period - Puck is out of play.
12:33 of 1st period - Radek Dvorak wins face-off versus Farm Player34 in Whale zone.
13:10 of 1st period - Snap shot by Zack Stortini.
13:10 of 1st period - Stopped by Dustin Tokarski without a rebound.
13:11 of 1st period - John McCarthy wins face-off versus Chris Langkow in Whale zone.
13:20 of 1st period - Wrist shot by Mike Hedden.
13:20 of 1st period - Stopped by Laurent Brossoit with a rebound.
14:21 of 1st period - Slapshot by Dmitrij Jaskin.
14:21 of 1st period - Deflect By Mark Van Guilder.
14:21 of 1st period - Shot Misses the Net.
14:21 of 1st period - Puck is out of play.
14:22 of 1st period - Radek Dvorak wins face-off versus Farm Player34 in Whale zone.
14:22 of 1st period - Radek Dvorak is hit by Zack FitzGerald.
14:46 of 1st period - Slapshot by Radek Dvorak.
14:46 of 1st period - Stopped by Laurent Brossoit with a rebound.
14:51 of 1st period - Off-side.
14:52 of 1st period - John McCarthy wins face-off versus Mark Van Guilder in neutral zone.
15:05 of 1st period - Slapshot by Mike Hedden.
15:05 of 1st period - Stopped by Laurent Brossoit without a rebound.
15:06 of 1st period - John McCarthy wins face-off versus Harri Pesonen in Phantoms zone.
15:09 of 1st period - Snap shot by Mike Hedden.
15:09 of 1st period - Shot Misses the Net.
15:11 of 1st period - Slapshot by Dallas Jackson.
15:11 of 1st period - Deflect By Mike Hedden.
15:11 of 1st period - Stopped by Laurent Brossoit with a rebound.
15:13 of 1st period - Snap shot by Mike Hedden.
15:13 of 1st period - Shot Misses the Net.
15:15 of 1st period - Slapshot by Mike Moore.
15:15 of 1st period - Stopped by Laurent Brossoit with a rebound.
15:17 of 1st period - Wrist shot by John McCarthy.
15:17 of 1st period - Shot Blocked by Randy Jones.
15:29 of 1st period - Snap shot by John McCarthy.
15:29 of 1st period - Stopped by Laurent Brossoit with a rebound.
15:37 of 1st period - Garnet Exelby is hit by Mike Hedden and loses puck.
16:17 of 1st period - Slapshot by Derek Nesbitt.
16:17 of 1st period - Goal by Derek Nesbitt - Phantoms : 0 - Whale : 2.
16:18 of 1st period - Radek Dvorak wins face-off versus Farm Player34 in neutral zone.
16:27 of 1st period - Snap shot by Nick Tarnasky.
16:27 of 1st period - Shot Misses the Net.
16:33 of 1st period - Snap shot by Nick Tarnasky.
16:33 of 1st period - Stopped by Laurent Brossoit with a rebound.
16:35 of 1st period - Slapshot by Taylor Chorney.
16:35 of 1st period - Shot Blocked by Greg Zanon.
16:37 of 1st period - Slapshot by Taylor Chorney.
16:37 of 1st period - Shot Blocked by Jerome Gauthier-Leduc.
16:41 of 1st period - Snap shot by Nick Tarnasky.
16:41 of 1st period - Stopped by Laurent Brossoit without a rebound.
16:42 of 1st period - Mike Hedden wins face-off versus Chris Langkow in Phantoms zone.
18:20 of 1st period - Minor Penalty to Farm Player34 for Hooking.
18:21 of 1st period - Dmitrij Jaskin wins face-off versus Radek Dvorak in Phantoms zone.
18:49 of 1st period - Backhand shot by Colin Fraser.
18:49 of 1st period - Stopped by Laurent Brossoit with a rebound.
18:51 of 1st period - Slapshot by Taylor Chorney.
18:51 of 1st period - Stopped by Laurent Brossoit without a rebound.
18:52 of 1st period - Harri Pesonen wins face-off versus Jay Rosehill in Phantoms zone.
19:27 of 1st period - Jerome Gauthier-Leduc is hit by Jay Rosehill and loses puck.
19:52 of 1st period - Greg Zanon is hit by Taylor Chorney and loses puck.
Goals for this period are 0 for Phantoms vs 2 for Whale.
Shots for this period are 4 for Phantoms vs 13 for Whale.

2nd period


0:01 of 2nd period - Dmitrij Jaskin wins face-off versus Radek Dvorak in neutral zone.
0:20 of 2nd period - Penalty to Farm Player34 is over, Farm Player34 is back on ice.
0:49 of 2nd period - Snap shot by James Livingston.
0:49 of 2nd period - Shot Misses the Net.
0:51 of 2nd period - Slapshot by Dallas Jackson.
0:51 of 2nd period - Stopped by Laurent Brossoit with a rebound.
0:53 of 2nd period - Snap shot by James Livingston.
0:53 of 2nd period - Shot Blocked by Randy Jones.
0:55 of 2nd period - Slapshot by James Livingston.
0:55 of 2nd period - Stopped by Laurent Brossoit with a rebound.
1:03 of 2nd period - Slapshot by Mike Hedden.
1:03 of 2nd period - Shot Misses the Net.
1:05 of 2nd period - Slapshot by Mike Moore.
1:05 of 2nd period - Shot Blocked by Garnet Exelby.
1:07 of 2nd period - Slapshot by John McCarthy.
1:07 of 2nd period - Shot Misses the Net.
1:43 of 2nd period - Snap shot by Kelly Zajac.
1:43 of 2nd period - Deflect By Derek Nesbitt.
1:43 of 2nd period - Stopped by Laurent Brossoit with a rebound.
1:53 of 2nd period - Wrist shot by Derek Nesbitt.
1:53 of 2nd period - Shot Misses the Net.
1:55 of 2nd period - Slapshot by Denny Urban.
1:55 of 2nd period - Stopped by Laurent Brossoit with a rebound.
2:25 of 2nd period - Slapshot by Mike Hedden.
2:25 of 2nd period - Shot Blocked by Greg Zanon.
2:27 of 2nd period - Snap shot by Mike Hedden.
2:27 of 2nd period - Shot Misses the Net.
3:12 of 2nd period - James Livingston is hit by Greg Zanon and loses puck.
3:31 of 2nd period - Snap shot by Kelly Zajac.
3:31 of 2nd period - Shot Misses the Net.
4:18 of 2nd period - Jerome Gauthier-Leduc is hit by Brennan Evans and loses puck.
5:38 of 2nd period - Garrett Wilson is hit by Brendan Ranford and loses puck.
5:57 of 2nd period - Radek Dvorak is hit by Zack Stortini and loses puck.
6:19 of 2nd period - Keegan Lowe is hit by Mike Hedden and loses puck.
7:07 of 2nd period - Slapshot by Randy Jones.
7:07 of 2nd period - Stopped by Dustin Tokarski with a rebound.
9:18 of 2nd period - Denver Manderson is hit by Kelly Zajac and loses puck.
9:27 of 2nd period - Kelly Zajac is hit by Garnet Exelby and loses puck.
9:44 of 2nd period - Wrist shot by Mark Van Guilder.
9:44 of 2nd period - Stopped by Dustin Tokarski with a rebound.
9:46 of 2nd period - Backhand shot by Keegan Lowe.
9:46 of 2nd period - Stopped by Dustin Tokarski without a rebound.
9:47 of 2nd period - Mark Van Guilder wins face-off versus Nick Tarnasky in Whale zone.
10:06 of 2nd period - Backhand shot by Garnet Exelby.
10:06 of 2nd period - Deflect By Jonathan Hazen.
10:06 of 2nd period - Shot Misses the Net.
10:06 of 2nd period - Puck is out of play.
10:07 of 2nd period - Mike Hedden wins face-off versus Farm Player34 in Whale zone.
11:26 of 2nd period - Off-side.
11:27 of 2nd period - Radek Dvorak wins face-off versus Chris Langkow in neutral zone.
11:48 of 2nd period - Denver Manderson is hit by Brennan Evans and loses puck.
12:06 of 2nd period - Dallas Jackson is hit by Harri Pesonen and loses puck.
13:21 of 2nd period - Slapshot by Colin Fraser.
13:21 of 2nd period - Stopped by Laurent Brossoit with a rebound.
13:49 of 2nd period - Denny Urban is hit by Josh Lunden and loses puck.
14:22 of 2nd period - Kelly Zajac is hit by Garnet Exelby and loses puck.
15:02 of 2nd period - Farm Player34 is hit by Taylor Chorney and loses puck.
16:13 of 2nd period - Minor Penalty to Garrett Wilson for High sticking.
16:14 of 2nd period - Radek Dvorak wins face-off versus Dmitrij Jaskin in Phantoms zone.
17:04 of 2nd period - Jerome Gauthier-Leduc is hit by Taylor Chorney and loses puck.
17:11 of 2nd period - Snap shot by Nick Tarnasky.
17:11 of 2nd period - Stopped by Laurent Brossoit with a rebound.
17:31 of 2nd period - Mike Moore is hit by Josh Lunden and loses puck.
17:39 of 2nd period - Denis Grebeshkov is hit by Josh Lunden and loses puck.
18:08 of 2nd period - Nick Tarnasky is hit by Dmitrij Jaskin and loses puck.
18:13 of 2nd period - Penalty to Garrett Wilson is over, Garrett Wilson is back on ice.
18:58 of 2nd period - Snap shot by Brendan Ranford.
18:58 of 2nd period - Shot Blocked by Keegan Lowe.
19:07 of 2nd period - Icing by Jonathan Hazen.
19:08 of 2nd period - Kelly Zajac wins face-off versus Farm Player34 in Phantoms zone.
19:15 of 2nd period - Wrist shot by Brendan Ranford.
19:15 of 2nd period - Stopped by Laurent Brossoit without a rebound.
19:16 of 2nd period - Kelly Zajac wins face-off versus Chris Langkow in Phantoms zone.
Goals for this period are 0 for Phantoms vs 0 for Whale.
Shots for this period are 3 for Phantoms vs 7 for Whale.

3rd period


0:01 of 3rd period - Radek Dvorak wins face-off versus Mark Van Guilder in neutral zone.
0:32 of 3rd period - Slapshot by Taylor Chorney.
0:32 of 3rd period - Deflect By Garnet Exelby.
0:32 of 3rd period - Stopped by Laurent Brossoit with a rebound.
0:34 of 3rd period - Wrist shot by Colin Fraser.
0:34 of 3rd period - Goal by Colin Fraser - Phantoms : 0 - Whale : 3.
0:35 of 3rd period - Chris Langkow wins face-off versus John McCarthy in neutral zone.
0:47 of 3rd period - Off-side.
0:48 of 3rd period - John McCarthy wins face-off versus Chris Langkow in neutral zone.
0:59 of 3rd period - John McCarthy is hit by Zack Stortini.
1:07 of 3rd period - Slapshot by Taylor Chorney.
1:07 of 3rd period - Deflect By Zack Stortini.
1:07 of 3rd period - Stopped by Laurent Brossoit with a rebound.
1:22 of 3rd period - James Livingston and Zack Stortini fight to a draw.
1:22 of 3rd period - Penalty to James Livingston for Fighting.
1:22 of 3rd period - Penalty to Zack Stortini for Fighting.
1:23 of 3rd period - Radek Dvorak wins face-off versus Mark Van Guilder in Phantoms zone.
1:26 of 3rd period - Snap shot by Radek Dvorak.
1:26 of 3rd period - Stopped by Laurent Brossoit with a rebound.
1:38 of 3rd period - Colin Fraser is hit by Harri Pesonen and loses puck.
2:17 of 3rd period - Snap shot by Greg Zanon.
2:17 of 3rd period - Deflect By Chris Langkow.
2:17 of 3rd period - Shot Misses the Net.
2:17 of 3rd period - Puck is out of play.
2:18 of 3rd period - Chris Langkow wins face-off versus John McCarthy in Whale zone.
2:23 of 3rd period - Denis Grebeshkov is hit by Denver Manderson and loses puck.
3:03 of 3rd period - Jerome Gauthier-Leduc is hit by Mike Hedden and loses puck.
3:10 of 3rd period - Denis Grebeshkov is hit by Dmitrij Jaskin and loses puck.
3:17 of 3rd period - Snap shot by Dmitrij Jaskin.
3:17 of 3rd period - Shot Misses the Net.
3:37 of 3rd period - Snap shot by Jonathan Hazen.
3:37 of 3rd period - Stopped by Dustin Tokarski with a rebound.
3:39 of 3rd period - Snap shot by Jonathan Hazen.
3:39 of 3rd period - Stopped by Dustin Tokarski with a rebound.
3:41 of 3rd period - Slapshot by Keegan Lowe.
3:41 of 3rd period - Shot Misses the Net.
4:51 of 3rd period - Slapshot by Mark Van Guilder.
4:51 of 3rd period - Stopped by Dustin Tokarski with a rebound.
4:55 of 3rd period - Backhand shot by Dmitrij Jaskin.
4:55 of 3rd period - Stopped by Dustin Tokarski without a rebound.
4:56 of 3rd period - Radek Dvorak wins face-off versus Mark Van Guilder in Whale zone.
5:10 of 3rd period - Snap shot by Mark Van Guilder.
5:10 of 3rd period - Stopped by Dustin Tokarski without a rebound.
5:11 of 3rd period - Chris Langkow wins face-off versus Radek Dvorak in Whale zone.
5:49 of 3rd period - Derek Nesbitt is hit by Chris Langkow and loses puck.
6:07 of 3rd period - Greg Zanon is hit by Jay Rosehill and loses puck.
6:36 of 3rd period - Wrist shot by Mike Hedden.
6:36 of 3rd period - Stopped by Laurent Brossoit with a rebound.
6:46 of 3rd period - Denny Urban is hit by Greg Zanon and loses puck.
7:10 of 3rd period - Mike Hedden is hit by Greg Zanon and loses puck.
7:21 of 3rd period - Wrist shot by Mark Van Guilder.
7:21 of 3rd period - Shot Misses the Net.
7:23 of 3rd period - Slapshot by Harri Pesonen.
7:23 of 3rd period - Deflect By Dmitrij Jaskin.
7:23 of 3rd period - Shot Misses the Net.
7:23 of 3rd period - Puck is out of play.
7:24 of 3rd period - John McCarthy wins face-off versus Mark Van Guilder in Whale zone.
7:34 of 3rd period - Slapshot by Garnet Exelby.
7:34 of 3rd period - Shot Misses the Net.
7:36 of 3rd period - Slapshot by Garnet Exelby.
7:36 of 3rd period - Shot Blocked by Mike Hedden.
7:38 of 3rd period - Slapshot by Randy Jones.
7:38 of 3rd period - Stopped by Dustin Tokarski without a rebound.
7:39 of 3rd period - Derek Nesbitt wins face-off versus Chris Langkow in Whale zone.
7:39 of 3rd period - Derek Nesbitt is hit by Zack Stortini.
7:45 of 3rd period - Chris Langkow is hit by Derek Nesbitt and loses puck.
8:33 of 3rd period - Radek Dvorak is hit by Garnet Exelby and loses puck.
8:48 of 3rd period - Nick Tarnasky is hit by Garnet Exelby and loses puck.
9:34 of 3rd period - Wrist shot by Nick Tarnasky.
9:34 of 3rd period - Stopped by Laurent Brossoit with a rebound.
9:54 of 3rd period - Wrist shot by Mike Hedden.
9:54 of 3rd period - Stopped by Laurent Brossoit without a rebound.
9:55 of 3rd period - John McCarthy wins face-off versus Chris Langkow in Phantoms zone.
10:00 of 3rd period - Snap shot by James Livingston.
10:00 of 3rd period - Stopped by Laurent Brossoit with a rebound.
10:02 of 3rd period - Slapshot by Denis Grebeshkov.
10:02 of 3rd period - Deflect By John McCarthy.
10:02 of 3rd period - Shot Misses the Net.
10:02 of 3rd period - Puck is out of play.
10:03 of 3rd period - John McCarthy wins face-off versus Chris Langkow in Phantoms zone.
10:16 of 3rd period - Wrist shot by Keegan Lowe.
10:16 of 3rd period - Shot Blocked by Denis Grebeshkov.
10:26 of 3rd period - Snap shot by Brendan Ranford.
10:26 of 3rd period - Stopped by Laurent Brossoit without a rebound.
10:27 of 3rd period - Farm Player34 wins face-off versus Kelly Zajac in Phantoms zone.
10:27 of 3rd period - Farm Player34 is hit by Dallas Jackson.
10:35 of 3rd period - Slapshot by Greg Zanon.
10:35 of 3rd period - Stopped by Dustin Tokarski with a rebound.
10:57 of 3rd period - Wrist shot by Denver Manderson.
10:57 of 3rd period - Shot Misses the Net.
11:03 of 3rd period - Denver Manderson is hit by Mike Moore and loses puck.
11:24 of 3rd period - Snap shot by Zack Stortini.
11:24 of 3rd period - Shot Misses the Net.
11:26 of 3rd period - Slapshot by Keegan Lowe.
11:26 of 3rd period - Stopped by Dustin Tokarski with a rebound.
11:28 of 3rd period - Wrist shot by Chris Langkow.
11:28 of 3rd period - Stopped by Dustin Tokarski with a rebound.
11:30 of 3rd period - Slapshot by Keegan Lowe.
11:30 of 3rd period - Deflect By Zack Stortini.
11:30 of 3rd period - Stopped by Dustin Tokarski with a rebound.
11:32 of 3rd period - Wrist shot by Garrett Wilson.
11:32 of 3rd period - Stopped by Dustin Tokarski with a rebound.
11:34 of 3rd period - Backhand shot by Garrett Wilson.
11:34 of 3rd period - Stopped by Dustin Tokarski with a rebound.
12:12 of 3rd period - Wrist shot by Derek Nesbitt.
12:12 of 3rd period - Stopped by Laurent Brossoit with a rebound.
12:28 of 3rd period - Greg Zanon is hit by Nick Tarnasky and loses puck.
12:51 of 3rd period - Slapshot by Zack Stortini.
12:51 of 3rd period - Stopped by Dustin Tokarski with a rebound.
12:53 of 3rd period - Snap shot by Garnet Exelby.
12:53 of 3rd period - Shot Misses the Net.
12:55 of 3rd period - Snap shot by Randy Jones.
12:55 of 3rd period - Shot Misses the Net.
12:57 of 3rd period - Slapshot by Garnet Exelby.
12:57 of 3rd period - Stopped by Dustin Tokarski with a rebound.
12:59 of 3rd period - Slapshot by Randy Jones.
12:59 of 3rd period - Stopped by Dustin Tokarski with a rebound.
13:01 of 3rd period - Snap shot by Garrett Wilson.
13:01 of 3rd period - Stopped by Dustin Tokarski with a rebound.
13:19 of 3rd period - Derek Nesbitt is hit by Farm Player34 and loses puck.
13:48 of 3rd period - Slapshot by Greg Zanon.
13:48 of 3rd period - Shot Blocked by Denny Urban.
13:50 of 3rd period - Slapshot by Jerome Gauthier-Leduc.
13:50 of 3rd period - Shot Misses the Net.
13:52 of 3rd period - Wrist shot by Greg Zanon.
13:52 of 3rd period - Shot Blocked by Brennan Evans.
13:54 of 3rd period - Slapshot by Denver Manderson.
13:54 of 3rd period - Deflect By Mark Van Guilder.
13:54 of 3rd period - Stopped by Dustin Tokarski with a rebound.
13:56 of 3rd period - Wrist shot by Mark Van Guilder.
13:56 of 3rd period - Deflect By Harri Pesonen.
13:56 of 3rd period - Shot Blocked by Brennan Evans.
13:56 of 3rd period - Puck is out of play.
13:57 of 3rd period - Kelly Zajac wins face-off versus Mark Van Guilder in Whale zone.
14:26 of 3rd period - Jerome Gauthier-Leduc is hit by Dallas Jackson and loses puck.
14:39 of 3rd period - Keegan Lowe is hit by James Livingston and loses puck.
15:48 of 3rd period - Randy Jones is hit by Denis Grebeshkov and loses puck.
16:14 of 3rd period - Off-side.
16:15 of 3rd period - Garrett Wilson wins face-off versus Colin Fraser in neutral zone.
16:20 of 3rd period - Dallas Jackson is hit by Garrett Wilson and loses puck.
16:56 of 3rd period - Dmitrij Jaskin is hit by Nick Tarnasky and loses puck.
18:15 of 3rd period - Garrett Wilson is hit by Nick Tarnasky and loses puck.
18:57 of 3rd period - James Livingston is hit by Josh Lunden and loses puck.
19:04 of 3rd period - Wrist shot by Mark Van Guilder.
19:04 of 3rd period - Deflect By Mike Hedden.
19:04 of 3rd period - Stopped by Dustin Tokarski with a rebound.
19:22 of 3rd period - Slapshot by Randy Jones.
19:22 of 3rd period - Stopped by Dustin Tokarski with a rebound.
19:24 of 3rd period - Slapshot by Randy Jones.
19:24 of 3rd period - Shot Misses the Net.
19:26 of 3rd period - Wrist shot by Denver Manderson.
19:26 of 3rd period - Shot Blocked by Denny Urban.
19:28 of 3rd period - Slapshot by Keegan Lowe.
19:28 of 3rd period - Shot Misses the Net.
19:30 of 3rd period - Slapshot by Zack FitzGerald.
19:30 of 3rd period - Shot Misses the Net.
19:32 of 3rd period - Snap shot by Denver Manderson.
19:32 of 3rd period - Shot Misses the Net.
19:56 of 3rd period - Snap shot by Brendan Ranford.
19:56 of 3rd period - Shot Misses the Net.
19:58 of 3rd period - Slapshot by Mike Moore.
19:58 of 3rd period - Stopped by Laurent Brossoit with a rebound.
Goals for this period are 0 for Phantoms vs 1 for Whale.
Shots for this period are 19 for Phantoms vs 11 for Whale.


Output by the SimonT Hockey Simulator (STHS) for Eric Dolegowski -- Original Page W3C XHTML 1.0 Valid
Hockey Simulator - Hockey Simulation - Hockey Manager